 Dungeon Crawl Stone Soup version 0.26-a0-8-gc4d20be10f (webtiles) character file.

Game seed: 7306550818803277263, levelgen mode: deterministic

154 Flugkiller the Insei (level 5, -1/46 HPs)
             Began as a Deep Dwarf Monk on May 24, 2020.
             Was a Follower of Okawaru.
             Slain by an orc
             ... wielding a +0 mace
              (5 damage)
             ... on level 3 of the Dungeon.
             The game lasted 00:07:08 (2381 turns).

Flugkiller the Insei (Deep Dwarf Monk)              Turns: 2381, Time: 00:07:09

Health: -1/46      AC:  2    Str: 15    XL:     5   Next: 13%
Magic:  0/0        EV:  2    Int: 17    God:    Okawaru [*.....]
Gold:   112        SH:  0    Dex: -2 (15) Spells: 4/4 levels left

rFire    . . .     SeeInvis .     - Unarmed
rCold    . . .     Gourm    .   (no shield)
rNeg     . . .     Faith    .   f - +0 robe (curse)
rPois    .         Spirit   .   (no helmet)
rElec    .         Reflect  .   (no cloak)
rCorr    .         Harm     .   (no gloves)
MR       .....                  (no boots)
Stlth    ..........             (no amulet)
HPRegen  0.00/turn              j - +6 ring of intelligence
MPRegen  0.07/turn              (no ring)

@: non-regenerating, slowed, lost dexterity, very slow
A: damage resistance, heal wounds, sense surroundings 1, no regeneration
a: Heal Wounds, Heroism, Renounce Religion


You were on level 3 of the Dungeon.
You worshipped Okawaru.
Okawaru was aware of your devotion.
You were hungry.

You visited 1 branch of the dungeon, and saw 3 of its levels.

You collected 112 gold pieces.

Inventory:

Missiles
 g - 20 poisoned darts (quivered)
Armour
 a - a +0 leather armour
   (You found it on level 1 of the Dungeon)
 f - a cursed +0 robe (worn)
   (You found it on level 1 of the Dungeon)
 i - a +3 scale mail
   (You found it on level 1 of the Dungeon)
Jewellery
 j - a +6 ring of intelligence (left hand)
   (You found it on level 1 of the Dungeon)
Scrolls
 e - a scroll of identify
Potions
 p - a potion of resistance
Comestibles
 b - 9 rations
 c - 3 chunks of flesh


   Skills:
 - Level 2.6 Fighting
 - Level 3.2 Dodging
 - Level 2.4 Stealth
 + Level 5.3 Unarmed Combat


You had 4 spell levels left.
You didn't know any spells.
Your spell library was empty.

Dungeon Overview and Level Annotations

Branches:
Dungeon (3/15)

Altars:
Okawaru


Innate Abilities, Weirdness & Mutations

You are resistant to damage.
You can heal yourself by infusing magical energy.
You passively map a small area around you.
You do not regenerate.


Message History

The orc hits you but does no damage.
You punch the orc!
You kill the orc!
Okawaru accepts your kill. The orc hits you.
* * * LOW HITPOINT WARNING * * *
You hit the orc.
The orc is severely wounded.
The orc hits you.
Unknown command.
You barely miss the orc.
The orc is severely wounded.
The orc hits you but does no damage. The orc hits you.
You hit the orc.
You kill the orc!
Okawaru accepts your kill.
The orc shouts!
An orc comes into view. It is wielding a +0 mace.
Items here: (( )) [ ††† The orc shouts!
The orc hits you but does no damage.
Items here: (( )) [ ††† The orc hits you with a +0 mace!
* * * LOW HITPOINT WARNING * * *
You barely miss the orc. The orc hits you with a +0 mace.
* * * LOW HITPOINT WARNING * * *
You punch the orc!
You kill the orc!
Okawaru accepts your kill. The orc hits you with a +0 mace.
You hit the orc but do no damage. The orc hits you with a +0 mace.
* * * LOW HITPOINT WARNING * * *
You barely miss the orc. The orc hits you with a +0 mace.
* * * LOW HITPOINT WARNING * * *
You closely miss the orc. The orc hits you with a +0 mace.
Okay, then.
You aren't carrying any items that you can evoke.
Unknown command.
You hit the orc. Your punch misses the orc.
The orc is lightly wounded.
The orc hits you with a +0 mace.
* * * LOW HITPOINT WARNING * * *
You hit the orc.
The orc is moderately wounded.
The orc hits you with a +0 mace.
* * * LOW HITPOINT WARNING * * *
You hit the orc but do no damage.
The orc is moderately wounded.
The orc hits you with a +0 mace.
You die...

* ,* * , * * * *
############ ,
###..........## ** *
.......####...##########?#
###.##.# #.#...@o........
* #.##.# #...####...<....
,, #÷##.# ##### #.#####.#
, #.##.# #.# * #.##.# #.#
#.##.# * #.# , , #.##..,
,, ..# * ,#.#### * .># *
#.# *


You could see an orc.

Vanquished Creatures
  A quasit (D:2)
  A gnoll (D:1)
  3 adders (D:2)
  6 worms (D:2)
  3 dart slugs
  3 leopard geckos
  4 orcs (D:3)
  2 ball pythons
  5 bats
  6 giant cockroaches
  5 goblins
  6 hobgoblins
  4 jackals (D:2)
  4 frilled lizards
  2 kobolds
  2 rats
57 creatures vanquished.

Notes
Turn   | Place    | Note
-------+----------+-------------------------------------------
     0 | D:1      | Flugkiller the Deep Dwarf Monk began the quest for the Orb.
     0 | D:1      | Reached XP level 1. HP: 20/20 MP: 1/1
    29 | D:1      | Reached skill level 3 in Unarmed Combat
   207 | D:1      | Reached XP level 2. HP: 21/27 MP: 2/2
   807 | D:2      | Reached XP level 3. HP: 19/33 MP: 3/3
   908 | D:2      | Reached skill level 4 in Unarmed Combat
  1253 | D:2      | Lost dexterity.
  1269 | D:2      | Reached XP level 4. HP: 21/40 MP: 3/3
  1334 | D:2      | HP: 2/40 [leopard gecko (2)]
  1395 | D:2      | Found an iron altar of Okawaru.
  1414 | D:2      | Reached skill level 5 in Unarmed Combat
  1449 | D:2      | Became a worshipper of Warmaster Okawaru
  1449 | D:2      | Reached * piety under Okawaru
  1449 | D:2      | Reached ** piety under Okawaru
  2103 | D:2      | Reached XP level 5. HP: 15/46 MP: 1/1
  2381 | D:3      | Slain by an orc

Illustrated notes

Levels and vault maps discovered:
D:1:      elethiomel_arrival_infinity_welcomes_careful_drivers, layout_basic,
          minivault_14
D:2:      layout_loops_corners, okawaru_ov_weapons_minmay
D:3:      layout_loops_ring, lemuel_crystal_altar

Skill      XL: |  1  2  3  4 |
---------------+-------------+-----
Unarmed Combat | 3 4 5 |  5.3
Fighting       | |  2.6
Dodging        | |  3.2
Stealth        | |  2.4

Action                   |  1- 3 |  4- 6 || total
-------------------------+-------+-------++-------
Melee: Unarmed           |   156 |   141 ||   297
       Punch             |     2 |     1 ||     3
Throw: Dart              |    47 |    28 ||    75
 Abil: Heal Wounds       |     3 |     7 ||    10
  Use: Scroll            |     2 |     7 ||     9
       Potion            |     2 |     5 ||     7
  Eat: Chunk             |     1 |     5 ||     6
Armor: Robe              |    67 |    55 ||   122
       Skin              |       |     5 ||     5
Dodge: Dodged            |   157 |    21 ||   178

Table legend:
 A = Non-vault XP
 B = Vault XP
 C = Vault XP percentage of total XP
 D = Non-vault monster count
 E = Vault monster count
 F = Vault count percentage of total count
                 A         B        C        D         E       F
            +---------+---------+-------+---------+---------+-------
      Total |     220 |       0 |   0.0 |      57 |       0 |   0.0
            +---------+---------+-------+---------+---------+-------
        D:1 |      39 |       0 |   0.0 |      14 |       0 |   0.0
        D:2 |     161 |       0 |   0.0 |      35 |       0 |   0.0
        D:3 |      20 |       0 |   0.0 |       8 |       0 |   0.0
            +---------+---------+-------+---------+---------+-------
